Selects Special Operations Battlegroup
Selects M29 Weasel Recon Vehicle
Mechanized Support Center
Construct Medical Station
Construct Medical Station
M1918 Browning Automatic Rifles
Designate Forward Repair Station
Construct Weapon Support Center
Selects SSF Commando Squad
Selects P-47 Anti-Infantry Loiter
Selects UNKNOWN (2162291)
Selects Assault Operation
M4A1(76) Sherman Medium Tank
Improved M9 Bazooka Rockets
M4A1(76) Sherman Medium Tank